 Dungeon Crawl Stone Soup version 0.29.1-12-g30fa7ad0bf (webtiles) character file.

Game seed: 8871501046340840867

116 Pytinka the Digger (level 5, -7/28 HPs)
             Began as a Gargoyle Earth Elementalist on Dec 22, 2022.
             Mangled by a gnoll
             ... wielding a +0 flail
              (8 damage)
             ... on level 3 of the Dungeon.
             The game lasted 00:03:30 (2553 turns).

Pytinka the Digger (Gargoyle Earth Elementalist)    Turns: 2553, Time: 00:03:31

Health: -7/28      AC:  6    Str: 11    XL:     5   Next: 1%
Magic:  1/8        EV: 12    Int: 18    God:
Gold:   71         SH:  0    Dex: 10    Spells: 8/9 levels left

rFire   . . .      SeeInvis .   (no weapon)
rCold   . . .      Faith    .   (no shield)
rNeg    + . .      Spirit   .   a - +0 robe
rPois   ∞          Reflect  .   (no helmet)
rElec   +          Harm     .   (no cloak)
rCorr   .          Rampage  .   (no gloves)
Will    .....                   (no boots)
Stlth   ++........              (no amulet)
HPRegen 0.09/turn               (no ring)
MPRegen 0.11/turn               (no ring)

@: no status effects
A: sickness immunity, AC +4, negative energy resistance 1, electricity
resistance, torment resistance 1, petrification resistance
a: no special abilities


You were on level 3 of the Dungeon.
You visited 1 branch of the dungeon, and saw 4 of its levels.

You collected 71 gold pieces.

Inventory:

Armour
 a - a +0 robe (worn)
Scrolls
 d - a scroll of vulnerability {unknown}
 e - a scroll of enchant armour {unknown}
 f - a scroll of identify {unknown}
 h - a scroll of butterflies {unknown}
 j - a scroll of summoning {unknown}
Potions
 b - 2 potions of magic
 c - a potion of resistance {unknown}
 g - 2 potions of might {unknown}
 i - 2 potions of lignification {unknown}
 k - 2 potions of curing {unknown}


   Skills:
 + Level 1.7 Dodging
 + Level 2.6 Stealth
 - Level 2.6 Spellcasting
 - Level 0.7 Transmutations
 * Level 5.8 Earth Magic


You had 8 spell levels left.
You knew the following spells:

 Your Spells              Type           Power      Damage    Failure   Level
a - Sandblast             Erth           46%        2d11      1%          1

Your spell library contained the following spells:

 Spells                   Type           Power      Damage    Failure   Level
 Passwall                 Tmut/Erth      11%        N/A       7%          2
 Stone Arrow              Conj/Erth      24%        3d8       16%         3
 Freeze                   Ice            8%         1d3       17%         1
 Scorch                   Fire           4%         2d5       26%         2
 Petrify                  Tmut/Erth      14%        N/A       41%         4
 Frozen Ramparts          Ice            4%         1d1       45%         3
 Ozocubu's Armour         Ice            2%         N/A       45%         3
 Flame Wave               Conj/Fire      2%         2d4       86%         4
 Hailstorm                Conj/Ice       2%         3d3       86%         4
 Summon Cactus Giant      Summ           1%         N/A       100%        6
 Ozocubu's Refrigeration  Ice            1%         4d7       100%        7


Dungeon Overview and Level Annotations

Branches:
Dungeon (4/15)
 Temple: D:4-7

Altars:

Shops:
D:4 ?

Annotations:
D:3 Grinder


Innate Abilities, Weirdness & Mutations

You are immune to sickness and miasma.
Your stone body is resilient. (AC +4)
You are immune to poison.
You resist negative energy. (rN+)
You are resistant to electric shocks. (rElec)
You are resistant to unholy torment.
You are immune to petrification.


Message History

Found Dori's Magic Scroll Emporium.
A gnoll comes into view. It is wielding a +0 spear.
The ball python hisses angrily.
There is an entrance to Dori's Magic Scroll Emporium here.
The blast of sand hits the ball python!
You kill the ball python!
The gnoll shouts!
You can't see any susceptible monsters within range! (Use Z to cast anyway.)
A gnoll comes into view.
It is wielding a +0 flail of protection.
The blast of sand hits the gnoll!
The gnoll is severely wounded.
The gnoll shouts!
You hear a shout!
The gnoll hits you from afar with a +0 spear.
The blast of sand hits the gnoll.
The gnoll is almost dead.
The gnoll hits you from afar with a +0 spear.
The blast of sand hits the gnoll!
You kill the gnoll!
A gnoll comes into view. It is wielding a +0 flail.
The blast of sand hits the gnoll.
The gnoll is heavily wounded.
The blast of sand hits the gnoll but does no damage.
The gnoll is heavily wounded.
The gnoll misses you. x2
The blast of sand hits the gnoll!
You kill the gnoll!
You have reached level 5!
The blast of sand hits the gnoll.
The gnoll is lightly wounded.
You are out of magic!
The gnoll attacks as you move away! The gnoll closely misses you.
A gnoll comes into view. It is wielding a +0 club.
There is an escape hatch in the ceiling here.
The gnoll hits you with a +0 flail! A mysterious force pulls you upwards.
The hatch slams shut behind you.
Level annotation: Grinder The gnoll hits you with a +0 flail!
* * * LOW HITPOINT WARNING * * *
The gnoll attacks as you move away! The gnoll hits you with a +0 flail!
You die...

#...# ###.# ......
#...# ###...#
#..... #####.<.##
#...### #....
#.........#####.###
####
#...............#
#......(........#
#..>............#
#...........g...#
#..........@....#
#...............#
################


You could see a gnoll.

Vanquished Creatures
  Jessica (D:3)
  2 gnolls (D:4)
  An adder (D:2)
  3 dart slugs
  7 ball pythons
  5 bats
  4 endoplasms (D:1)
  4 giant cockroaches
  5 goblins
  7 hobgoblins
  8 kobolds
  5 frilled lizards
  2 rats
54 creatures vanquished.

Notes
Turn   | Place    | Note
-------+----------+-------------------------------------------
     0 | D:1      | Pytinka the Gargoyle Earth Elementalist began the quest for
                  | the Orb.
     0 | D:1      | Reached XP level 1. HP: 10/10 MP: 3/3
   107 | D:1      | Reached skill level 4 in Earth Magic
   107 | D:1      | Reached XP level 2. HP: 15/15 MP: 3/5
   480 | D:1      | Reached XP level 3. HP: 19/19 MP: 0/6
   699 | D:1      | Found a faded altar of an unknown god.
  1833 | D:2      | Reached XP level 4. HP: 24/24 MP: 5/7
  2150 | D:2      | Reached skill level 5 in Earth Magic
  2297 | D:3      | Noticed Jessica
  2303 | D:3      | Killed Jessica
  2376 | D:3      | Noticed Grinder
  2533 | D:4      | Found Dori's Magic Scroll Emporium.
  2544 | D:4      | Reached XP level 5. HP: 21/28 MP: 1/8
  2552 | D:3      | HP: 1/28 [gnoll/+0 flail (11)]
  2553 | D:3      | Mangled by a gnoll

Illustrated notes

Levels and vault maps discovered:
D:1:      roderic_octagonal_star, layout_basic, shapermc_ecumenical_altar_venn,
          minmay_tetromino_o4
D:2:      layout_basic
D:3:      layout_rooms, gammafunk_ghost_cemetery, uniq_grinder, uniq_jessica
D:4:      layout_loops_ring, nicolae_gozag_zags_fifth_avenue,
          minmay_temple_entry_butterflies, serial_shops, shop, shop, shop,
          nicolae_elemental_shop, kennysheep_generic_room_14

Skill      XL: |  1  2  3  4 |
---------------+-------------+-----
Earth Magic    | 4 5 |  5.8
Dodging        | |  1.7
Stealth        | |  2.6
Spellcasting   | |  2.6
Transmutations | |  0.7

Action                   |  1- 3 |  4- 6 || total
-------------------------+-------+-------++-------
Melee: Unarmed           |    18 |       ||    18
 Cast: Sandblast         |    54 |    24 ||    78
Armor: Robe              |    10 |       ||    10
Dodge: Dodged            |    25 |     4 ||    29
